 Dungeon Crawl Stone Soup version 0.23.0-3-gf3c87f2 (webtiles) character file.

Game seed: 10095216155049540818

2347 Monsterracer the Chopper (level 9, 0/57 HPs)
             Began as a Gargoyle Air Elementalist on Feb 20, 2019.
             Was a Follower of Zin.
             Slain by a death yak (4 damage)
             ... while paralysed by Psyche
             ... on level 8 of the Dungeon.
             The game lasted 00:15:03 (8489 turns).

Monsterracer the Chopper (GrAE)                     Turns: 8489, Time: 00:15:04

Health: 0/57       AC: 22    Str: 17    XL:     9   Next: 43%
Magic:  21/21      EV:  2    Int: 16    God:    Zin [*.....]
Gold:   95         SH:  0    Dex: 10    Spells: 9/12 levels left

rFire    . . .     SeeInvis .   a - +1 war axe
rCold    . . .     Gourm    .   (no shield)
rNeg     + . .     Faith    .   x - +0 chain mail
rPois    ∞         Spirit   .   B - +1 helmet
rElec    +         Reflect  .   k - +2 cloak
rCorr    .         Harm     .   (no gloves)
MR       .....                  (no boots)
Stlth    ..........             (no amulet)
HPRegen  0.19/turn              n - ring "Naenug" {Fire rElec MP+9 Str+2}
MPRegen  0.17/turn              s - ring of ice

@: paralysed
A: negative energy resistance 1, electricity resistance, unbreathing,
petrification resistance, rot immunity, AC +6
a: Recite, Donate Gold, Renounce Religion


You were on level 8 of the Dungeon.
You worshipped Zin.
Zin was aware of your devotion.
You were hungry.

You visited 2 branches of the dungeon, and saw 9 of its levels.
You also visited: Ossuary.

You collected 287 gold pieces.
You spent 182 gold pieces at shops.
You donated 10 gold pieces to Zin.

Inventory:

Hand Weapons
 a - a +1 war axe (weapon)
 b - a cursed +3 morningstar
Armour
 k - a +2 cloak (worn)
 u - a +0 plate armour
 x - a +0 chain mail (worn)
 B - a +1 helmet (worn)
Jewellery
 n - the ring "Naenug" (left hand) {Fire rElec MP+9 Str+2}
   (You found it on level 7 of the Dungeon)

   [ring of fire]

   It enhances your fire magic.
   It affects your strength (+2).
   It protects you from fire.
   It makes you vulnerable to cold.
   It insulates you from electricity.
   It affects your magic capacity (+9).
 s - a ring of ice (right hand)
 v - an uncursed ring of positive energy
 M - an uncursed ring of protection from magic
 S - an uncursed ring of see invisible
Wands
 l - a wand of iceblast (17)
 y - a wand of flame (22)
Scrolls
 p - a scroll of enchant weapon
 r - 5 scrolls of remove curse
 t - 2 scrolls of teleportation {!r}
 X - 2 scrolls of blinking
Potions
 d - 3 potions of heal wounds
 e - 3 potions of curing
 g - 4 potions of agility
 h - 4 potions of haste
 i - a potion of mutation {!q}
 j - 2 potions of might
 m - 2 potions of berserk rage {!q}
 o - a potion of magic {unknown}
 q - 2 potions of ambrosia {!q}
 w - 3 potions of invisibility
 z - 3 potions of brilliance
 C - a potion of cancellation {unknown}
Comestibles
 c - 7 rations


   Skills:
 + Level 7.3 Fighting
 * Level 7.8 Axes
 + Level 5.7 Armour
 - Level 1.5 Dodging
 - Level 2.1 Stealth
 - Level 2.0 Spellcasting
   Level 1.1 Conjurations
 - Level 2.4 Air Magic
 + Level 1.0 Invocations


You had 9 spell levels left.
You knew the following spells:

 Your Spells              Type           Power        Failure   Level  Hunger
u - Swiftness             Chrm/Air       #.......     94%         2    ###....
z - Apportation           Tloc           #.....       95%         1    #......

Your spell library contained the following spells:

 Spells                   Type           Power        Failure   Level  Hunger
 Shock                    Conj/Air       #...         77%         1    #......
 Animate Skeleton         Necr           N/A          95%         1    #......
 Beastly Appendage        Tmut           #.....       95%         1    #......
 Confusing Touch          Hex            #.....       95%         1    #......
 Summon Small Mammal      Summ           #...         95%         1    #......
 Sticks to Snakes         Tmut           #.......     98%         2    ###....
 Static Discharge         Conj/Air       #.......     98%         3    ###....
 Spider Form              Tmut/Pois      #.........   100%        3    ###....
 Airstrike                Air            #.........   100%        4    #####..
 Ice Form                 Ice/Tmut       #.......     100%        4    #####..
 Blade Hands              Tmut           #.........   100%        5    ######.
 Lightning Bolt           Conj/Air       #.........   100%        5    ######.


Dungeon Overview and Level Annotations

Branches:
Dungeon (8/15)             Temple (1/1) D:7            Lair (0/6) D:8

Altars:
Ashenzari
Cheibriados
Dithmenos
Elyvilon
Fedhas
Gozag
Hepliaklqana
Kikubaaqudgha
Makhleb
Nemelex Xobeh
Okawaru
Qazlal
Ru
Sif Muna
Trog
Uskayaw
Vehumet
Wu Jian
Xom
Yredelemnul
Zin
The Shining One

Shops:
D:6 !

Annotations:
D:4 1 runed translucent door
D:5 Defined's ghost, novice GnCj
D:8 Psyche


Innate Abilities, Weirdness & Mutations

You are resistant to torment.
Your stone body is resilient. (AC +6)
You are immune to poison.
You resist negative energy. (rN+)
You are resistant to electric shocks. (rElec)
You can survive without breathing.
You are immune to petrification.
You are immune to rotting.


Message History

You barely miss the phantom.
The phantom is severely damaged.
The phantom blinks!
You are feeling hungry.
You slash the phantom!
The phantom is almost destroyed.
The phantom barely misses you.
The phantom hits you but does no damage.
You slash the phantom!
You destroy the phantom!
No target in view!
A bullfrog comes into view.
The bullfrog croaks.
The bullfrog hits you.
You take 2 damage, and have 53/57 hp.
You slash the bullfrog!
The bullfrog is severely wounded.
The bullfrog hits you but does no damage. x2
A bullfrog is nearby!
You slash the bullfrog!
You kill the bullfrog!
Your Invocations skill increases to level 1!
Psyche the Insane Magess comes into view.
She is wielding a +4 dagger of distortion, wearing a +2 robe of cold resistance and carrying a wand of paralysis (6).
Psyche shouts!
You hear a bellow! x2; You hear a chilling moan.
You hear a bellow!
Psyche gestures at you while chanting.
The magic dart hits you but does no damage.
You hear a bellow! x3
Health restored: 57 You are not zealous enough to affect this audience!
Okay, then.
Evoke which item? (* to show all) (? for menu, Esc to quit)
Aiming: Iceblast
Press: ? - help, Shift-Dir - straight line, f - Psyche
Aim: Psyche, wielding a +4 dagger of distortion, wearing a +2 robe of cold resistance and carrying a wand of paralysis (6)
The mass of ice explodes!
The iceblast engulfs Psyche.
Psyche partially resists.
Psyche is lightly wounded.
You hear a howl! x2
Psyche casts a spell.
Psyche seems to speed up.
Evoke which item? (* to show all) (? for menu, Esc to quit)
Aiming: Iceblast
Press: ? - help, Shift-Dir - straight line, f/p - Psyche
Aim: Psyche, wielding a +4 dagger of distortion, wearing a +2 robe of cold resistance and carrying a wand of paralysis (6) (lightly wounded, fast)
The mass of ice explodes!
The iceblast engulfs Psyche.
Psyche partially resists.
Psyche is moderately wounded.
You hear a chilling moan.
You hear a bellow!
Psyche zaps a wand.
You suddenly lose the ability to move!
Psyche gestures at you while chanting.
The puff of frost hits you but does no damage.
Psyche zaps a wand.
You easily resist.
Psyche hits you but does no damage. Space bends around you.
You can move again.
You take 6 damage, and have 51/57 hp.
Unknown command.
You closely miss Psyche.
Psyche is lightly wounded.
Psyche zaps a wand.
You easily resist.
Psyche hits you but does no damage. Space warps horribly around you!!
You take 21 damage, and have 30/57 hp.
MASSIVE DAMAGE!!
Unknown command.
Psyche points at you and mumbles some strange words.
The puff of frost hits you but does no damage.
Psyche zaps a wand.
You easily resist.
Okay, then.
Evoke which item? (* to show all) (? for menu, Esc to quit)
Okay, then.
Really read
t - 3 scrolls of teleportation {!r}?
As you read the scroll of teleportation {!r}, it crumbles to dust.
You feel strangely unstable.
Psyche zaps a wand.
You suddenly lose the ability to move!
Psyche hits you but does no damage. Space warps horribly around you!!
* * * LOW HITPOINT WARNING * * *
Psyche hits you but does no damage.
You blink.
Psyche casts a cantrip, but nothing happens.
Your surroundings suddenly seem different.
A death yak comes into view.
The death yak bellows!
A yak comes into view.
The yak bellows!
A howler monkey comes into view.
The howler monkey howls!
You hear a howl!
A howler monkey comes into view.
A yak comes into view.
The yak snorts and paws the ground.
The yak gores you but does no damage.
A yak comes into view. x2
The howler monkey hoots and howls with incredible vigour!
A death yak comes into view. x2; A howler monkey comes into view.
A yak comes into view.
You hear a shout!
Found 13 gold pieces and a tapered wooden wand.
Found a staircase to the Lair.
The yak gores you!
* * * LOW HITPOINT WARNING * * *
The death yak gores you! Zin protects you from harm!
The yak gores you but does no damage. The death yak gores you.
You die...

.... ...../#
...# .h.....
#... .......
#... .......
#...#..h...#
#.....>h...#
#...YY.....#
#...@Y......
#..YYYY.....
#.....Y....#
#...$.....#.
###...#.###
###.###.#
#.....# ##
#.# #@#


You could see 3 death yaks, 5 yaks and 3 howler monkeys.

Vanquished Creatures
  4 ice beasts
  An ogre (D:7)
  2 sky beasts
  A phantom (D:8)
  2 centaurs
  A bullfrog (D:8)
  A wyvern zombie (D:6)
  2 scorpions (D:6)
  7 wights
  A crimson imp (D:7)
  A centaur zombie (D:4)
  2 jellies
  A hound (D:6)
  Jessica (D:3)
  4 worker ants (D:5)
  Natasha (thrice) (D:2)
  3 orc wizards (D:6)
  10 big kobold zombies (Ossuary)
  A hound zombie (D:5)
  2 mummies
  A howler monkey skeleton (D:5)
  3 gnolls (D:6)
  10 adders
  A hound simulacrum (D:7)
  2 shadow imps
  4 white imps (D:7)
  2 oozes
  An adder zombie (D:7)
  4 worms
  2 leopard geckos
  8 orcs
  2 spectral bats (Ossuary)
  A ball python (D:2)
  3 giant cockroaches
  2 gnoll zombies (Ossuary)
  3 goblins (D:1)
  8 hobgoblins
  6 jackals
  6 bats
  A bat simulacrum (Ossuary)
  9 frilled lizards
  2 goblin simulacra (Ossuary)
  9 goblin zombies (Ossuary)
  2 hobgoblin zombies (Ossuary)
  A jackal skeleton (D:6)
  A jackal zombie (D:5)
  5 kobolds
  5 kobold simulacra (Ossuary)
  4 kobold zombies (Ossuary)
  3 orc zombies (Ossuary)
  10 rats
  A rat simulacrum (Ossuary)
  3 spectral goblins (Ossuary)
  A spectral kobold (Ossuary)
  4 spectral rats (Ossuary)
180 creatures vanquished.

Notes
Turn   | Place    | Note
-------+----------+-------------------------------------------
     0 | D:1      | Monsterracer the Gargoyle Air Elementalist began the quest
                  | for the Orb.
     0 | D:1      | Reached XP level 1. HP: 10/10 MP: 3/3
    84 | D:1      | Reached skill level 1 in Fighting
   121 | D:1      | Reached XP level 2. HP: 17/17 MP: 5/5
   621 | D:2      | Reached XP level 3. HP: 19/22 MP: 6/6
   675 | D:2      | Noticed Natasha
   695 | D:2      | Killed Natasha
   695 | D:2      | Reached XP level 4. HP: 27/29 MP: 0/7
  1057 | D:2      | Noticed Natasha
  1065 | D:2      | Killed Natasha
  1116 | D:2      | Noticed Natasha
  1135 | D:2      | Killed Natasha
  1324 | D:2      | Reached XP level 5. HP: 34/34 MP: 8/8
  1382 | D:2      | Found a shimmering altar of Xom.
  1528 | D:2      | Reached skill level 5 in Fighting
  1640 | D:2      | Found a snail-covered altar of Cheibriados.
  2036 | D:3      | Found a sparkling altar of Nemelex Xobeh.
  2120 | D:3      | Noticed Jessica
  2125 | D:3      | Found a hazy altar of Hepliaklqana.
  2129 | D:3      | Killed Jessica
  2129 | D:3      | Reached skill level 1 in Armour
  2963 | D:3      | Found a burning altar of Makhleb.
  2964 | D:3      | Noticed a balrug
  3010 | D:4      | Found a sand-covered staircase.
  3016 | D:4      | HP: 18/36 [mummy (13)]
  3022 | D:4      | Reached XP level 6. HP: 21/41 MP: 6/9
  3031 | D:4      | Learned a level 2 spell: Swiftness
  3105 | Ossuary  | Entered an ossuary
  3760 | Ossuary  | Reached XP level 7. HP: 47/47 MP: 10/10
  4138 | D:4      | Found a glowing silver altar of Zin.
  4142 | D:4      | Noticed an angel
  4147 | D:4      | Found a runed translucent door.
  4354 | D:4      | Reached skill level 1 in Axes
  4460 | D:4      | Learned a level 1 spell: Apportation
  4502 | D:5      | Entered Level 5 of the Dungeon
  5222 | D:5      | Reached XP level 8. HP: 52/52 MP: 11/11
  5647 | D:6      | Reached skill level 5 in Axes
  5717 | D:6      | HP: 25/52 [wight/+5 trident (4)]
  5977 | D:6      | Found Icaoc's Distillery.
  6022 | D:6      | Bought a potion of heal wounds for 70 gold pieces
  6022 | D:6      | Bought a potion of might for 56 gold pieces
  6022 | D:6      | Bought a potion of might for 56 gold pieces
  6475 | D:7      | HP: 20/52 [ogre/+0 giant club (18)]
  6481 | D:6      | HP: 17/52 [wight/+0 mace (1)]
  6487 | D:6      | HP: 10/52 [wight/+0 mace (1)]
  6493 | D:6      | HP: 5/52 [wight/+0 mace (4)]
  6498 | D:6      | HP: 18/52 [wight/+0 mace (4)]
  6668 | D:6      | Reached XP level 9. HP: 43/56 MP: 12/12
  6744 | D:7      | Reached skill level 5 in Armour
  6832 | D:7      | Noticed Defined's ghost (novice GnCj)
  7040 | D:7      | Found a runed translucent gate.
  7040 | D:7      | Found a runed translucent gate.
  7040 | D:7      | Found a runed translucent gate.
  7144 | D:7      | Found an opulent altar of Gozag.
  7189 | D:7      | Found a staircase to the Ecumenical Temple.
  7388 | Temple   | Entered the Ecumenical Temple
  7430 | Temple   | Became a worshipper of Zin the Law-Giver
  7506 | D:6      | HP: 8/56 [Defined's ghost/orb of energy (23)]
  8055 | D:7      | Got the ring "Naenug" {Fire}
  8057 | D:7      | Identified the ring "Naenug" {Fire rElec MP+9 Str+2} (You
                  | found it on level 7 of the Dungeon)
  8341 | D:8      | Reached * piety under Zin
  8348 | D:8      | Found an iron altar of Okawaru.
  8406 | D:8      | Found a hide-covered altar of Uskayaw.
  8412 | D:8      | Found a sacrificial altar of Ru.
  8415 | D:8      | Found a stormy altar of Qazlal.
  8446 | D:8      | Reached skill level 1 in Invocations
  8477 | D:8      | Noticed Psyche
  8479 | D:8      | Paralysed by Psyche for 3 turns
  8485 | D:8      | Paralysed by Psyche for 5 turns
  8485 | D:8      | HP: 10/57 [Psyche/+4 dagger of distortion (20)]
  8487 | D:8      | Found a staircase to the Lair.
  8487 | D:8      | Noticed a death yak
  8487 | D:8      | Noticed a death yak
  8487 | D:8      | Noticed a death yak
  8488 | D:8      | HP: 4/57 [yak (7)]
  8488 | D:8      | Zin protects you from harm!
  8489 | D:8      | Slain by a death yak

Skill      XL: |  1  2  3  4  5  6  7  8  9 |
---------------+----------------------------+-----
Fighting       | 1 2 3 4 5 6 7 |  7.3
Armour         | 1 2 3 4 5 |  5.7
Axes           | 4 6 7 |  7.8
Invocations    | 1 |  1.0
Dodging        | |  1.5
Stealth        | |  2.1
Spellcasting   | |  2.0
Conjurations   | |  1.1
Air Magic      | |  2.4

Action                   |  1- 3 |  4- 6 |  7- 9 || total
-------------------------+-------+-------+-------++-------
Melee: Short sword       |    48 |    18 |       ||    66
       Quarterstaff      |       |   309 |    91 ||   400
       War axe           |       |       |   345 ||   345
 Cast: Shock             |    11 |    14 |       ||    25
Evoke: Wand              |       |       |     2 ||     2
  Use: Scroll            |       |    11 |    12 ||    23
       Potion            |       |       |     1 ||     1
 Stab: Sleeping          |     1 |     1 |     1 ||     3
  Eat: Chunk             |       |     6 |     6 ||    12
       Ration            |       |     1 |     3 ||     4
Armor: Robe              |    13 |    11 |       ||    24
       Ring mail         |       |   165 |   160 ||   325
       Chain mail        |       |       |   196 ||   196
Dodge: Dodged            |    38 |   194 |   247 ||   479

Levels and vault maps discovered:
D:1:      lightli_iron_boxes, layout_rooms, minmay_domino_2
D:2:      layout_loops_corners, xom_teletrap_fun, cheibriados_altar_1,
          minmay_misc_feat_iff, uniq_natasha
D:3:      layout_basic, makhleb_altar_promises_db, overflow_temple_1_default,
          lemuel_crystal_altar, first_ration, uniq_jessica
D:4:      kennysheep_big_flooded_room, layout_rooms, gup_ossuary_entry_pyramid,
          lemuel_angel_altar
D:5:      layout_basic, kennysheep_boxes
D:6:      layout_loops_ring, serial_shops, shop_statue
D:7:      layout_cave_pools, grunt_gozag_breadcrumbs, minmay_temple_entry_hall,
          gammafunk_ghost_icy, minmay_fire_ice_demons
D:8:      minmay_polygon_palace, layout_loops_ring, overflow_temple_1_default,
          minitemple, dpeg_lair_monsters, serial_shops, kennysheep_mini_moat,
          uniq_psyche
Temple:   minmay_temple_bridge_abc
Ossuary:  ossuary_zaba_two_paths
